Cogmind - Beta 15 @@@ ROGUE MODE // 2025.05.30 @ 22:33:33 Player: pakman Result: Destroyed by H-55 Commando with Assault Rifle Performance ------------- Evolutions (2) 1000 Regions Visited (6) 1200 Robots Destroyed (90) 450 Value Destroyed (4464) 4464 Prototype IDs (1) 20 Alien Tech Used (0) 0 Bonus (2130) 2130 TOTAL SCORE: 9264 Bonus ------- High Alert Combat Kills 512 Follower Combat Kills 218 Entered Garrisons 400 Used RIF Installer 1000 Cogmind --------- Core Integrity 0/550 Matter 18/300 Energy 100/100 System Corruption 8% Temperature Cool (0) Movement Rolling (145) Ox3 Location -8/Garrison Parts ------- > --- POWER (1) -------- (None) > --- PROPULSION (3) --- Armored Huge Wheel > --- UTILITY (4) ------ Huge Storage Unit Relay Coupler [Sentry] (23) > --- WEAPON (3) ------- Gauss Cannon Scythe > --- INVENTORY (25) --- Light Nuclear Core Light Treads Improved Treads Improved Heat Sink Trap Scanner Light Armor Plating Authchip [R/Combat] Authchip [R/Combat] Relay Coupler [NC] (29) Relay Coupler [Swarmer] (25) Relay Coupler [Grunt] (38) Relay Coupler [Specialist] (21) Relay Coupler [Hunter] (16) Relay Coupler [Behemoth] Gauss Rifle Gauss Rifle Missile Launcher Improved Datajack Peak State ------------ > --- POWER ------------ Light Nuclear Core > --- PROPULSION ------- Light Treads Improved Treads Advanced Treads > --- UTILITY ---------- Huge Storage Unit Machine Analyzer Light Armor Plating Relay Coupler [Sentry] > --- WEAPON ----------- Gauss Rifle Gauss Rifle Improved Datajack > --- INVENTORY -------- Light Nuclear Core Light Nuclear Core Light Treads Armored Huge Wheel Improved Heat Sink Trap Scanner Light Armor Plating Authchip [R/Combat] Authchip [R/Combat] Relay Coupler [NC] Relay Coupler [Swarmer] Relay Coupler [Grunt] Relay Coupler [Specialist] Relay Coupler [Hunter] Relay Coupler [Behemoth] Gauss Cannon Gauss Cannon Missile Launcher Scythe [Rating: 35] Favorites ----------- Power Light Nuclear Core Engine Ion Engine Power Core Light Nuclear Core Propulsion Light Treads Treads Light Treads Leg Aluminum Leg Wheel Compact Wheel Utility Large Storage Unit Device Improved Heat Sink Storage Large Storage Unit Processor Machine Analyzer Hackware Relay Coupler [Sentry] Protection Light Armor Plating Weapon Gauss Cannon Energy Gun EM Shotgun Ballistic Gun Light Assault Rifle Ballistic Cannon Gauss Cannon Launcher Grenade Launcher Special Weapon Welding Torch Slashing Weapon Scythe Special Melee Weapon Improved Datajack Build | -11 -10 -10 -8 -8 -8 -8 ------- Run | Yrd Mat Sub Mat Gar Mat Gar Slots Evolved 4 | . . . 4 . . . Power . | . . . . . . . Propulsion 1 | . . . 1 . . . Utility 2 | . . . 2 . . . Weapon 1 | . . . 1 . . . Parts Attached 77 | 8 4 12 10 29 8 6 Power 16 | 1 . 4 2 6 1 2 Engine 8 | 1 . 4 1 2 . . Core 8 | . . . 1 4 1 2 Reactor . | . . . . . . . Propulsion 21 | 3 . 4 1 9 2 2 Treads 16 | 2 . 3 1 7 2 1 Leg 2 | . . . . 2 . . Wheel 3 | 1 . 1 . . . 1 Hover . | . . . . . . . Flight . | . . . . . . . Utility 18 | 2 1 1 4 6 3 1 Device 5 | 1 . 1 1 2 . . Storage 3 | 1 1 . . . 1 . Processor 2 | . . . 1 . 1 . Hackware 3 | . . . . 2 . 1 Protection 5 | . . . 2 2 1 . Artifact . | . . . . . . . Weapon 22 | 2 3 3 3 8 2 1 Energy Gun 6 | 1 1 . 2 2 . . Energy Cannon . | . . . . . . . Ballistic Gun 8 | 1 1 2 . 2 2 . Ballistic Cannon 3 | . . . 1 2 . . Launcher 2 | . 1 . . 1 . . Special Weapon 1 | . . 1 . . . . Impact Weapon . | . . . . . . . Slashing Weapon 1 | . . . . . . 1 Piercing Weapon . | . . . . . . . Special Melee Weapon 1 | . . . . 1 . . Unidentified Prototypes 1 | . . . 1 . . . Parts Lost 44 | . . 9 4 23 1 7 Power 10 | . . 2 . 6 . 2 Propulsion 12 | . . 3 . 7 . 2 Utility 10 | . . 1 2 4 1 2 Weapon 12 | . . 3 2 6 . 1 Highest Loss Streak 7 | . . 4 2 5 1 7 To Critical Strikes . | . . . . . . . Average Backups 11 | 2 4 9 12 11 15 18 Power 1 | 1 2 1 1 2 . 1 Propulsion 1 | . 1 2 2 1 1 2 Utility 2 | . . . . 2 10 11 Weapon 4 | . 1 5 7 3 3 3 Tool/Special . | . . . . . . . Unused Backups 23 | . . 2 5 5 . 11 Power 2 | . . . 1 . . 1 Propulsion 1 | . . . 1 . . . Utility 11 | . . . . 2 . 9 Weapon 9 | . . 2 3 3 . 1 Tool/Special . | . . . . . . . Average Slot Usage (%) 93 | . 100 96 94 86 97 99 Engine 7 | . 14 13 5 2 1 . Core 3 | . . . 3 5 7 9 Treads 25 | . 28 27 26 21 27 26 Device 10 | . 14 10 8 15 1 . Storage 10 | . 14 14 9 9 9 9 Processor 2 | . . . 6 . 7 9 Hackware 1 | . . . . 1 9 9 Protection 4 | . . . 8 7 8 8 Energy Gun 5 | . 13 6 7 5 . . Ballistic Gun 8 | . 14 13 10 1 4 9 Ballistic Cannon 5 | . . . 8 10 11 3 Launcher 2 | . . 7 . . . . Special Melee Weapon 2 | . . . . 3 9 7 Peak Build Rating 35 | 7 7 13 25 31 33 35 Average Rating 19 | 5 7 9 22 24 31 33 On Entrance 16 | . 7 7 13 25 30 33 Naked Turns . | . . . . . . . Heaviest Build 104 | 13 28 32 47 48 103 104 Greatest Support 65 | 40 40 40 60 60 63 65 Greatest Overweight (x) 14 | . . . 1 14 1 4 Average Overweight (x) . | . . . . . . 1 Largest Inventory Capacity 25 | 8 15 15 15 15 25 25 Average Capacity 16 | 7 14 15 15 15 22 25 Most Carried 21 | 4 8 13 15 15 20 21 Average Carried 12 | 2 4 10 13 12 16 19 Final Capacity 25 | 8 15 15 15 15 25 25 Final Carried 19 | 4 8 10 15 12 19 18 Class Distribution -------------------- 34% | Mutant 27% | Bothacker-Mutant 12% | Scavenger-Mutant 7% | Scavenger-Tank 6% | Scavenger-Gunner 5% | Gunner 3% | Scavenger-Skirmisher Dominant Class ---------------- Mutant | -10/Materials Mutant | -10/Subcaves Scavenger-Gunner | -8/Materials Bothacker-Mutant | -8/Garrison Bothacker-Mutant | -8/Materials Bothacker-Mutant | -8/Garrison Resources | -11 -10 -10 -8 -8 -8 -8 ----------- Run | Yrd Mat Sub Mat Gar Mat Gar Matter Collected 3249 | 282 91 600 439 1370 316 151 Remotely . | . . . . . . . Salvage Created 3489 | 69 124 385 951 1465 301 194 Parts 157 | 13 11 25 46 36 16 10 Haulers Intercepted 3 | . . . 3 . . . Recyclers Shooed . | . . . . . . . Parts Field Recycled . | . . . . . . . Retrieved Matter . | . . . . . . . Parts Self-Destructed 14 | . . 14 . . . . Prevented . | . . . . . . . Kills | -11 -10 -10 -8 -8 -8 -8 ------- Run | Yrd Mat Sub Mat Gar Mat Gar Combat Hostiles Destroyed 76 | . 4 14 16 33 5 4 Melee 2 | . . . . . 1 1 Guns 28 | . 2 8 6 9 1 2 Cannons 31 | . . . 9 18 3 1 AOE 15 | . 2 6 1 6 . . Classes Destroyed 15 | 2 4 2 5 2 . . Worker 2 | 1 . . . . 1 . Builder 1 | . 1 . . . . . Tunneler 2 | 2 . . . . . . Hauler 3 | . . . 3 . . . Recycler 2 | . . . 1 . 1 . Operator 3 | . 1 . 1 . 1 . Watcher 1 | . . . 1 . . . Swarmer 12 | . 2 4 . 6 . . Grunt 36 | . 2 4 10 16 2 2 Brawler 1 | . . . . 1 . . Duelist 1 | . . . 1 . . . Sentry 16 | . . 1 4 8 3 . Hunter 2 | . . . 1 . . 1 Programmer 3 | . . . . 2 . 1 Subdweller 5 | . . 5 . . . . Best Kill Streak 5 | 1 3 4 5 3 4 2 Combat Bots Only 5 | . 2 4 5 3 1 2 Max Kills in Single Turn 3 | 1 2 3 1 3 1 1 Gunslinging . | . . . . . . . Exploded 3 | . 1 3 1 3 . . Melee 1 | . . . . . 1 1 Uniques/NPCs Destroyed . | . . . . . . . Combat | -11 -10 -10 -8 -8 -8 -8 -------- Run | Yrd Mat Sub Mat Gar Mat Gar Hostile Shots Fired 572 | . 22 129 84 181 46 110 Missed 172 | . 6 55 26 48 9 28 Hits 400 | . 16 74 58 133 37 82 Melee 3 | . . . 1 . . 2 Projectile 397 | . 16 74 57 133 37 80 Critical Strikes 16 | . 1 2 1 7 4 1 Damage Taken 5909 | . 211 966 960 2157 574 1041 Core 728 | . 26 150 74 168 131 179 Absorbed by Shields 181 | . . . . 16 . 165 Regen/Repaired (Parts) 269 | . . . 112 . 157 . Core Remaining (%) 64 | 100 . 29 . . . . Volleys Fired 316 | 3 20 64 53 126 38 12 Largest 3 | 2 2 2 3 3 2 2 Hottest 125 | 60 60 80 98 125 80 80 Shots Fired 671 | 6 35 107 159 271 69 24 Gun 394 | 6 30 83 106 125 32 12 Cannon 235 | . . . 53 133 37 12 Launcher 40 | . 5 22 . 13 . . Special 2 | . . 2 . . . . Kinetic 450 | 3 15 57 112 170 69 24 Thermal 2 | . . 2 . . . . Explosive 40 | . 5 22 . 13 . . Electromagnetic 179 | 3 15 26 47 88 . . Robot Hit Streak 28 | 3 11 11 15 28 10 7 Robot Miss Streak 4 | 1 4 2 4 3 3 3 Penetration Max 1 | . . . . 1 . . Secondary Targets . | . . . . . . . Shots Hit Robots 418 | 4 18 58 111 173 34 20 Core Hits 196 | 3 9 30 59 77 9 9 Critical Kills 1 | . . . . 1 . . Critical Parts Destroyed 2 | . . 2 . . . . Critical Strikes 22 | . . 3 2 17 . . Destroy 3 | . . 2 . 1 . . Blast 18 | . . . 2 16 . . Corrupt 1 | . . 1 . . . . Melee Attacks 24 | . . . . 13 7 4 Impact . | . . . . . . . Slashing 4 | . . . . . . 4 Piercing . | . . . . . . . Sneak Attacks 7 | . . . . 5 2 . Combat Hostiles 2 | . . . . . 2 . Follow-up Attacks . | . . . . . . . Damage Inflicted 8826 | 47 324 1253 1792 4294 663 453 Guns 4070 | 47 214 721 909 1529 461 189 Cannons 2783 | . . . 706 1705 201 171 Explosions 1879 | . 110 532 177 1060 . . Melee 93 | . . . . . . 93 Ramming 1 | . . . . . 1 . Kinetic 4813 | 21 96 587 1019 2068 662 360 Thermal 478 | . . . 177 301 . . Explosive 1401 | . 110 532 . 759 . . Electromagnetic 2040 | 26 118 134 596 1166 . . Impact . | . . . . . . . Slashing 93 | . . . . . . 93 Piercing . | . . . . . . . Highest Corruption 8 | . . . 2 5 6 8 Average Corruption 3 | . . . 2 2 5 6 Corruption Purged . | . . . . . . . Corruption Blocked . | . . . . . . . Effects 96 | . . . 4 48 35 9 Message Errors 26 | . . . 1 15 9 1 Matter Fused 22 | . . . 2 8 9 3 Heat Flow Errors 12 | . . . . 8 3 1 Energy Discharges 12 | . . . . 6 3 3 Parts Fused 2 | . . . . 2 . . Data Loss (minor) 9 | . . . . 4 4 1 Data Loss (major) 6 | . . . 1 2 3 . Misfires 4 | . . . . 2 2 . Alerts 2 | . . . . . 2 . Weapon Failures 1 | . . . . 1 . . Overload Shots . | . . . . . . . Overflow Damage 124 | . 1 10 33 80 . . Projectiles 12 | . . . . 12 . . Explosions 112 | . 1 10 33 68 . . Melee . | . . . . . . . Knockbacks 21 | . . . 10 9 . 2 Impact . | . . . . . . . Kinetic 18 | . . . 8 8 . 2 Secondary 3 | . . . 2 1 . . Self-Inflicted Damage 390 | . 16 155 49 170 . . Shots 16 | . 1 8 1 6 . . Rammed . | . . . . . . . Targets Rammed 1 | . . . . . 1 . Kicked . | . . . . . . . Crushed 1 | . . . . . 1 . Highest Temperature 412 | . 24 4 198 412 267 156 Average Temperature 64 | . 13 3 33 86 50 51 Received Heat Transfer 2205 | . 48 339 405 864 306 243 Effects 4 | . . . . 2 2 . Energy Bleed 1 | . . . . 1 . . Interference 2 | . . . . . 2 . Damage (minor) 1 | . . . . 1 . . Siege Activations . | . . . . . . . Martial Activations . | . . . . . . . Shielding Activations . | . . . . . . . Robots Disrupted 1 | . . . 1 . . . Combat Hostiles 1 | . . . 1 . . . Robots Corrupted 2 | . . . . 2 . . Combat Hostiles . | . . . . . . . Parts Fried 1 | . . . 1 . . . Impact Corruptions . | . . . . . . . Robots Melted . | . . . . . . . Combat Hostiles . | . . . . . . . Parts Melted . | . . . . . . . Heat Transferred 500 | . . . 150 350 . . Parts Sabotaged . | . . . . . . . Parts Stolen . | . . . . . . . Parts Stripped . | . . . . . . . Power Chain Reactions 7 | . . . 2 5 . . Alert | -11 -10 -10 -8 -8 -8 -8 ------- Run | Yrd Mat Sub Mat Gar Mat Gar Maximum Alert Level 5 | . . . 1 5 3 1 Low Security (%) 26 | 100 100 . 65 2 . 17 Level 1 28 | . . . 34 16 50 82 Level 2 6 | . . . . 10 11 . Level 3 21 | . . . . 32 38 . Level 4 8 | . . . . 20 . . Level 5 7 | . . . . 17 . . High Security . | . . . . . . . Max Security . | . . . . . . . Peak Influence 2069 | 5 93 . 304 2069 1008 301 Initial 1008 | . 3 . 189 62 1008 171 Average 575 | 1 6 . 181 966 549 246 Influence Increases 4516 | 15 175 980 599 2357 230 160 Destroy 0b10 Robot/C 1540 | . 80 180 340 760 100 80 Destroy 0b10 Robot/NC 95 | 15 10 . 30 20 15 5 Destroy Leader 208 | . 10 20 98 40 30 10 Allied During Kill 15 | . . . 2 13 . . Successful Hack 88 | . 5 . 33 35 15 . Disable Machine 135 | . 15 . . 75 45 . Anti-Garrison Action 1150 | . . . . 1100 . 50 Destroy Structure 235 | . 25 . 21 164 25 . Partial Spotted 15 | . . . 15 . . . Lose Combat Pursuer 1035 | . 30 780 60 150 . 15 Influence Decreases 4255 | 10 95 700 868 384 2035 163 Entered New Map 1407 | . 2 41 176 34 1061 93 Time Decay 1668 | 10 93 569 482 . 514 . Lost Part 440 | . . 90 40 230 10 70 Lost Ally 140 | . . . 20 120 . . Purge Threat 600 | . . . 150 . 450 . Squads Dispatched 6 | . 2 . 3 . 1 . Investigation 2 | . 1 . . . 1 . Extermination . | . . . . . . . Reinforcement 3 | . 1 . 2 . . . Assault . | . . . . . . . Garrison 1 | . . . 1 . . . Intercept . | . . . . . . . Searches Triggered . | . . . . . . . Construction Impeded . | . . . . . . . Haulers Reinforced . | . . . . . . . Active Scanning Responses . | . . . . . . . Cargo Convoy Interrupts . | . . . . . . . Stealth | -11 -10 -10 -8 -8 -8 -8 --------- Run | Yrd Mat Sub Mat Gar Mat Gar Distress Signals 2 | . 1 . 1 . . . Communications Jammed . | . . . . . . . Distress Signals . | . . . . . . . Times Spotted 140 | . 8 36 26 43 13 14 Peak Tracking Total 8 | . 3 4 7 4 4 8 Tactical Retreats 20 | . 2 5 4 8 . 1 Traps | -11 -10 -10 -8 -8 -8 -8 ------- Run | Yrd Mat Sub Mat Gar Mat Gar Traps Triggered 9 | . 1 1 1 3 . 3 Indirectly . | . . . . . . . Trap Hack Attempts 14 | . . . . 14 . . Triggered . | . . . . . . . Disarmed . | . . . . . . . Reprogrammed 1 | . . . . 1 . . Reused . | . . . . . . . Traps Extracted . | . . . . . . . Installed . | . . . . . . . Triggered . | . . . . . . . Machines | -11 -10 -10 -8 -8 -8 -8 ---------- Run | Yrd Mat Sub Mat Gar Mat Gar Machines Disabled 17 | . 1 2 . 10 3 1 Max in Single Turn 2 | . 1 2 . 2 1 1 Garrison Relay 6 | . . . . 5 . 1 Machines Repaired . | . . . . . . . Machines Dismantled . | . . . . . . . Machines Sabotaged . | . . . . . . . Overloaded Fab Kills . | . . . . . . . Hacking | -11 -10 -10 -8 -8 -8 -8 --------- Run | Yrd Mat Sub Mat Gar Mat Gar Machines Accessed 26 | . 4 . 8 5 9 . Terminals 20 | . 4 . 5 5 6 . Fabricators . | . . . . . . . Repair Stations 2 | . . . 1 . 1 . Recycling Units 2 | . . . 1 . 1 . Scanalyzers . | . . . . . . . Garrison Access 2 | . . . 1 . 1 . Total Hacks 71 | . 10 . 24 8 29 . Successful 38 | . 5 . 16 3 14 . Failed 33 | . 5 . 8 5 15 . Catastrophic 6 | . 1 . . 2 3 . Database Lockouts . | . . . . . . . Manual 45 | . 10 . 14 1 20 . Terminals 55 | . 10 . 16 8 21 . Fabricators . | . . . . . . . Repair Stations 7 | . . . 2 . 5 . Recycling Units 3 | . . . 2 . 1 . Scanalyzers . | . . . . . . . Garrison Access 6 | . . . 4 . 2 . Terminal Hacks 13 | . 2 . 5 3 3 . Robot Analysis 5 | . 2 . 3 . . . Open Door 1 | . . . . 1 . . Emergency Access Points 1 | . . . 1 . . . Unreport Threat 4 | . . . 1 . 3 . Garrison Registry 1 | . . . . 1 . . Patrol Navigation 1 | . . . . 1 . . Fabricator Hacks . | . . . . . . . Repair Station Hacks 7 | . . . 2 . 5 . Scan Component 4 | . . . 1 . 3 . Repair 3 | . . . 1 . 2 . Recycling Unit Hacks 3 | . . . 2 . 1 . Report Inventory 2 | . . . 1 . 1 . Retrieve Components 1 | . . . 1 . . . Scanalyzer . | . . . . . . . Garrison Access Hacks 4 | . . . 2 . 2 . Unlock Access 2 | . . . 1 . 1 . Coupler Status 2 | . . . 1 . 1 . Unauthorized Hacks 11 | . 3 . 5 . 3 . Terminals 11 | . 3 . 5 . 3 . Assimilate 1 | . . . 1 . . . Botnet 10 | . 3 . 4 . 3 . Fabricators . | . . . . . . . Repair Stations . | . . . . . . . Recycling Units . | . . . . . . . Scanalyzers . | . . . . . . . Garrison Access . | . . . . . . . Data Cores Recovered 1 | . . . . . 1 . Used . | . . . . . . . Hacking Detections 21 | . 4 . 7 3 7 . Full Trace Events 4 | . 1 . . 1 2 . Feedback Events 1 | . . . . . 1 . Corruption 1 | . . . . . 1 . Feedback Blocked . | . . . . . . . Robot Schematics Acquired . | . . . . . . . Robots Built . | . . . . . . . Authchips . | . . . . . . . Time . | . . . . . . . Total Robot Build Rating . | . . . . . . . Part Schematics Acquired . | . . . . . . . Parts Built . | . . . . . . . Authchips . | . . . . . . . Time . | . . . . . . . Total Part Build Rating . | . . . . . . . Parts Repaired 3 | . . . 1 . 2 . Time 114 | . . . 32 . 82 . Parts Recycled . | . . . . . . . Recycled Matter . | . . . . . . . Retrieved Matter . | . . . . . . . Retrieved Components 3 | . . . 3 . . . Parts Scanalyzed . | . . . . . . . Part Schematics Acquired . | . . . . . . . Parts Damaged . | . . . . . . . Bothacking | -11 -10 -10 -8 -8 -8 -8 ------------ Run | Yrd Mat Sub Mat Gar Mat Gar Used RIF Installer 2 | . . . . 2 . . Structural Interface 1 | . . . . 1 . . Robots Hacked 5 | . . . . 2 3 . Non-combat . | . . . . . . . Combat 5 | . . . . 2 3 . Robot Hacks Applied 7 | . . . . 3 4 . parse_system 1 | . . . . 1 . . find_garrison 1 | . . . . . 1 . disable_weapons 1 | . . . . . 1 . go_dormant 2 | . . . . 1 1 . overwrite_iff 1 | . . . . 1 . . streamctrl_high 1 | . . . . . 1 . Relay Couplers Released 24 | . . . . 21 . 3 Machine Destruction 24 | . . . . 21 . 3 Attached 3 | . . . . 2 . 1 Fabnet Peak Effective % . | . . . . . . . Robots Rewired 7 | . . . 1 6 . . Allies Hacked . | . . . . . . . Hacks Repelled . | . . . . . . . Allies | -11 -10 -10 -8 -8 -8 -8 -------- Run | Yrd Mat Sub Mat Gar Mat Gar Total Allies 9 | . . . 1 7 1 . Largest Group 4 | . . . 1 4 1 . Highest-Rated Group 113 | . . . 15 113 15 . Highest-Rated Ally 31 | . . . 15 31 15 . Total Orders . | . . . . . . . Ally Attacks 39 | . . . 5 34 . . Total Damage 738 | . . . 114 624 . . Kills 6 | . . . 1 5 . . Allies Corrupted . | . . . . . . . Allies Melted . | . . . . . . . Intel | -11 -10 -10 -8 -8 -8 -8 ------- Run | Yrd Mat Sub Mat Gar Mat Gar Active Infowar (turns) 5639 | 38 739 427 305 2554 1219 357 Traps 2859 | . . . 305 2554 . . Seismic 1204 | 38 739 427 . . . . Machine Analysis 1576 | . . . . . 1219 357 Robot Analysis Total 5 | . 2 . 3 . . . Derelict Logs Recovered 1 | . . 1 . . . . Drone Launches . | . . . . . . . Drone Recoveries . | . . . . . . . Exploration | -11 -10 -10 -8 -8 -8 -8 ------------- Run | Yrd Mat Sub Mat Gar Mat Gar Turns Passed 9908 | 111 739 3158 1245 2892 1400 363 Spaces Moved 4741 | 55 362 1829 579 1253 540 123 Core 7 | 1 . . . 6 . . Treads 4651 | 44 362 1820 579 1183 540 123 Legs 64 | . . . . 64 . . Wheels 19 | 10 . 9 . . . . Hover . | . . . . . . . Flight . | . . . . . . . Fastest Speed 50 | 50 160 105 160 160 160 235 Average Speed 174 | 147 160 159 165 181 211 239 Slowest Speed 750 | 160 160 160 260 750 240 465 Overloaded Moves . | . . . . . . . Propulsion Burnouts . | . . . . . . . Robots Hopped . | . . . . . . . Potential Cave-ins 6 | . . . . . 6 . Cave-ins Triggered . | . . . . . . . Exploration Rate (%) 50 | 4 70 89 37 85 46 20 Regions Visited 6 Branch Regions 1 Pre-discovered Areas 1 | . . 1 . . . . Known Exits Taken 3 | . . 1 1 . 1 . Unknown Exits Taken 2 | 1 1 . . . . . Scrap Searched 13 | . . 13 . . . . Spaces Dug 24 | . . 1 . . 23 . Terrain Destroyed 238 | . 24 66 17 91 39 1 Melee . | . . . . . . . Projectile 47 | . . . 7 . 39 1 AOE 191 | . 24 66 10 91 . . Terrain Rammed . | . . . . . . . Walls Destroyed . | . . . . . . . Machines Disabled . | . . . . . . . Actions | -11 -10 -10 -8 -8 -8 -8 --------- Run | Yrd Mat Sub Mat Gar Mat Gar Total 5812 | 76 485 1954 761 1644 732 160 Wait 435 | 7 96 15 79 118 117 3 Move 4734 | 54 361 1828 578 1251 539 123 Hop . | . . . . . . . Pick Up 61 | 3 3 14 18 16 6 1 Fast Attach 31 | 8 . 1 5 12 5 . Attach 36 | . . 9 4 19 2 2 Detach 16 | 1 . 1 . 8 5 1 Swap 46 | . 4 16 2 11 7 6 Drop 34 | . 1 6 10 10 5 2 Fire 316 | 3 20 64 53 126 38 12 Melee 24 | . . . . 13 7 4 Ram . | . . . . . . . Kick . | . . . . . . . Crush 1 | . . . . . 1 . Escape Stasis 16 | . . . . 10 . 6 Rewire 48 | . . . 12 36 . . Trap 14 | . . . . 14 . . Miscellaneous . | . . . . . . . Route ------- -11/Scrapyard -10/Materials (discovered 4 exits: [*Mat] / [*Min x2] / [*Sub]) -10/Subcaves (discovered 2 exits: *Mat / [*Rec]) -8/Materials -8/Garrison (discovered 4 exits: *Mat x4) -8/Materials (discovered 3 exits: [*Fac x2] / Gar) -8/Garrison History --------- Turn | Location | Event 31 | -11/Scrapyard | Discovered new exit (range 15) 112 | -11/Scrapyard | Entered Materials 305 | -10/Materials | Build established: Mutant 351 | -10/Materials | Discovered new exit (range 14) 610 | -10/Materials | Discovered new exit (range 6) 738 | -10/Materials | Discovered new exit (range 12) 828 | -10/Materials | Discovered new exit (range 5) 851 | -10/Materials | Entered Subcaves 851 | -10/Subcaves | Identified exit to Materials 1069 | -10/Subcaves | Shifting Twisted Machinery released Shrapnel Trap 1072 | -10/Subcaves | Shifting Twisted Machinery released Spk. Treads 1148 | -10/Subcaves | Learned location of Zion (-7) 1148 | -10/Subcaves | Met a Zionite searching for "candidates" 1270 | -10/Subcaves | Discovered new exit (range 12) 1407 | -10/Subcaves | Shifting Twisted Machinery released Sub. Power Source 1409 | -10/Subcaves | Shifting Twisted Machinery released Sub. Optics 2263 | -10/Subcaves | Core integrity fell below 50% 2583 | -10/Subcaves | Shifting Twisted Machinery released Sub. Laser 2623 | -10/Subcaves | Shifting Twisted Machinery released Sub. Machine Gun 3631 | -10/Subcaves | Lost 4 parts (1p2n1w) 3937 | -10/Subcaves | Build established: Scavenger-Mutant 4009 | -10/Subcaves | Entered Materials 4009 | -8/Materials | Evolved 4 slots: Propulsion x1, Utility x2, Weapon x1 4667 | -8/Materials | Build established: Scavenger-Gunner 5148 | -8/Materials | Garrison activated, responded to threat 5228 | -8/Materials | Repaired Battle Cannon 5253 | -8/Materials | Identified exit to Garrison 5254 | -8/Materials | Entered Garrison 5585 | -8/Garrison | Lost 4 allies 5599 | -8/Garrison | Lost 5 parts (2n2u1w) 5764 | -8/Garrison | Triggered checkpoint 5815 | -8/Garrison | Discovered new exit (range 5) 5853 | -8/Garrison | Build established: Scavenger-Skirmisher 5894 | -8/Garrison | Triggered checkpoint 5896 | -8/Garrison | Triggered checkpoint 5968 | -8/Garrison | Lost 4 parts (1p1n2w) 5992 | -8/Garrison | Triggered checkpoint 6043 | -8/Garrison | Discovered new exit (range 12) 6106 | -8/Garrison | Triggered checkpoint 6204 | -8/Garrison | Build established: Scavenger-Tank 6396 | -8/Garrison | Triggered checkpoint 6462 | -8/Garrison | Lost 3 parts (1p1n1u) 6764 | -8/Garrison | Discovered new exit (range 22) 6764 | -8/Garrison | Discovered new exit (range 38) 6764 | -8/Garrison | Discovered new exit (range 51) 6764 | -8/Garrison | Discovered new exit (range 33) 6855 | -8/Garrison | Installed Relay Interface Framework 7014 | -8/Garrison | Build established: Scavenger-Mutant 7032 | -8/Garrison | Garrison Relay disabled 7296 | -8/Garrison | Expanded RIF knowledge: Structural Interface 7317 | -8/Garrison | Garrison Relay disabled 7484 | -8/Garrison | Garrison Relay disabled 7597 | -8/Garrison | Triggered checkpoint 7626 | -8/Garrison | Garrison Relay disabled 7783 | -8/Garrison | Triggered checkpoint 7818 | -8/Garrison | Build established: Bothacker-Mutant 7858 | -8/Garrison | Triggered checkpoint 7861 | -8/Garrison | Garrison Relay disabled 7969 | -8/Garrison | Lost 3 parts (1p1n1u) 8146 | -8/Garrison | Entered Materials 8403 | -8/Materials | Core integrity fell below 50% 8563 | -8/Materials | Discovered new exit (range 5) 9128 | -8/Materials | Repaired Unknown Power Core 9179 | -8/Materials | Repaired Gauss Cannon 9402 | -8/Materials | Discovered new exit (range 13) 9543 | -8/Materials | Identified exit to Garrison 9546 | -8/Materials | Entered Garrison 9588 | -8/Garrison | Triggered checkpoint 9646 | -8/Garrison | Garrison Relay disabled 9888 | -8/Garrison | Core integrity fell below 20% 9909 | -8/Garrison | Destroyed by H-55 Commando with Assault Rifle Last Messages --------------- 09843_ H-55 Commando destroyed. 09848_ Slug penetrates Wall. 09849_ C-30 ARC bursts open, deploying its payload. 09849_ L-31 Rogue unfolds itself. 09849_ G-47 Trooper unfolds itself. 09863_ Critical hit (Burn: +37). 09891_ Lgt. Treads destroyed. 09891_ Lgt. Nuclear Core destroyed. 09893_ System corrupted: Energy discharge (-31). 09899_ Lgt. Armor Plating destroyed. 09900_ Slug penetrates Wall. 09902_ Gauss Cannon destroyed. 09903_ Machine Analyzer destroyed. 09903_ Penetrated by Slug. 09906_ Lgt. Nuclear Core destroyed. 09906_ P-60 Hacker resets G-47 Trooper, system corruption cleaned. 09906_ Penetrated by Slug. 09907_ Adv. Treads destroyed. 09907_ P-60 Hacker destroyed. 09909_ Penetrated by Slug. Map ----- +----------------------------------------------------+ | ?????????????????????????### ##??????????????????? | | ???????????????????????????# #???????????????????? | | ???????????????????#####???# #???????????????????? | | ???????????????????# =#???# #???????????????????? | | ????????????######## ##### ### #??????????????? | | ????????????# * = + #??????????????? | | ????????????## !!######+#### ######??????????????? | | ????????????#""" "#???# #??# #???????????????????? | | ????????????#######???# #??# #???#####???????????? | | ??????????????????????# #??# #???# #???????????? | | ??????????????????????# #### ##### #???????????? | | ??????????????????????# + ^^ #???????????? | | ??????????????????????####^ #???????????? | | ?????????????????????????# ##########???????????? | | ?????????????????????????# #????????????????????? | | ?????????????????????????# #????????????????????? | | ?????????????????????????# #????????????????????? | | ???????????????########### #????????????????????? | | ???????????????# + #????????????????????? | | ???????????????# ######### #????????????????????? | | ???????????????# #???????# #????????????????????? | | ???????????????#"#???????# #????????????????????? | | ????##### ###+##??????#h #????????????????????? | | ???# % ########* #????????????????????? | | ? %Y% g%=#????????????????????? | | ? ^ %%p @l #????????????????????? | | ??## ## ## ###########????????????????????? | | ????????# ?# #??????????????????????????????? | | ??????? ? ??????????????????????????????? | | ????? ??????????????????????????????? | | ???? ??????????????????????????????? | | ???? ?????????????????????????????? | | ???? ## ## ##?????????????????????????????? | | ????? ??# ?# #??????????????????????????????? | | ??????? ?? ??????????????????????????????? | | ??????? ?? ??????????????????????????????? | | ??????? ?? ??????????????????????????????? | | ?????????"???##++##??????????????????????????????? | | ?????????????????????????????????????????????????? | | ?????????????????????????????????????????????????? | | ?????????????????????????????????????????????????? | | ?????????????????????????????????????????????????? | | ?????????????????????????????????????????????????? | | ?????????????????????????????????????????????????? | | ?????????????????????????????????????????????????? | | ?????????????????????????????????????????????????? | | ?????????????????????????????????????????????????? | | ?????????????????????????????????????????????????? | | ?????????????????????????????????????????????????? | | ?????????????????????????????????????????????????? | +----------------------------------------------------+ Best States ------------- Heat Dissipation 45 Energy Generation 18 Energy Capacity 280 Matter Stores 300 Matter Capacity 300 Sight Range 16 Terrain Scan Density 10 Armor Coverage 800 Evasion (%) 40 Targeting Accuracy 5 Recoil Reduction 3 Relay Coupler Types 1 Relay Coupler Value 27 Authchip Count 2 Item Schematics ----------------- None Robot Schematics ------------------ None Fabricated ------------ Nothing Repaired ---------- Battle Cannon | 6% | -8/Materials Lgt. Nuclear Core | 10% | -8/Materials Gauss Cannon | 34% | -8/Materials Alien Tech Used ----------------- None Achievements -------------- None Challenges ------------ None Game ------ Seed DiametricQuantumEngine Manual? 0 Play Time 01:36:52 Cumulative 61.6 hours Start 2025.05.30 @ 20:52:20 End 2025.05.30 @ 22:33:33 Sessions 1 Manual Loads 0 Difficulty Rogue Special Mode None Game No. 67 Rogue 67 Adventurer 0 Explorer 0 Win Type - Total 0 Types 0/0/0/0/0/0/0/0/0/0 Lore% 32 Gallery% 31 Achievement% 28 Wizard Run 0 Options --------- Layout 0 ASCII 0 Keyboard 1 Movement Numpad Keybinds 0 Fullscreen 2 Font 18/SmallcapsGlow Map View 76x50 Zoom Use 0% Tactical HUD 1 Map Filters NONE Filters NONE Steam 1 RUN: 1f0efaf8-f8ed-49ad-987a-b5f025f830c8